 Dungeon Crawl Stone Soup version 0.24.0-123-gd5b16e6ec5 (webtiles) character file.

Game seed: 2000451057129690077, levelgen mode: deterministic

2867 Elellon the Basher (level 9, -4/54 HPs)
             Began as a Gargoyle Fighter on Jan 21, 2020.
             Was a Believer of Okawaru.
             Slain by a white ugly thing (7 damage)
             ... on level 7 of the Dungeon.
             The game lasted 00:13:06 (7854 turns).

Elellon the Basher (Gargoyle Fighter)               Turns: 7854, Time: 00:13:07

Health: -4/54      AC: 18    Str: 23    XL:     9   Next: 75%
Magic:  7/9        EV: 12    Int:  9    God:    Okawaru [**....]
Gold:   254        SH: 13    Dex: 12    Spells: 8/8 levels left

rFire    + . .     SeeInvis .   s - +2 whip (elec)
rCold    x . .     Gourm    .   c - +1 shield
rNeg     + . .     Faith    .   b - +0 scale mail
rPois    ∞         Spirit   .   B - +0 helmet
rElec    +         Reflect  .   (no cloak)
rCorr    .         Harm     .   p - +0 pair of gloves
MR       .....                  (no boots)
Stlth    +.........             (no amulet)
HPRegen  0.18/turn              n - +3 ring of dexterity
MPRegen  0.11/turn              E - ring of fire

@: heroism
A: negative energy resistance 1, electricity resistance, unbreathing,
petrification resistance, rot immunity, AC +6
a: Heroism, Renounce Religion


You were on level 7 of the Dungeon.
You worshipped Okawaru.
Okawaru was pleased with you.
You were not hungry.

You visited 2 branches of the dungeon, and saw 8 of its levels.

You collected 309 gold pieces.
You spent 55 gold pieces at shops.

Inventory:

Hand Weapons
 s - a +2 whip of electrocution (weapon)
Armour
 b - a +0 scale mail (worn)
 c - a +1 shield (worn)
 p - a +0 pair of gloves (worn)
 B - a +0 helmet (worn)
Jewellery
 n - a +3 ring of dexterity (left hand)
 E - a ring of fire (right hand)
 G - an uncursed ring of see invisible {unknown}
Wands
 g - a wand of flame (28)
 C - a wand of acid (13)
Scrolls
 a - 2 scrolls of identify
 e - a scroll of noise {unknown}
 h - 4 scrolls of remove curse
 j - 3 scrolls of amnesia
 l - 6 scrolls of teleportation
 o - a scroll of magic mapping
 q - a scroll of enchant armour
 r - a scroll of enchant weapon
 t - a scroll of blinking
 y - 2 scrolls of fear
Potions
 d - a potion of might
 i - 3 potions of brilliance
 k - 3 potions of flight {unknown}
 m - 2 potions of agility {unknown}
 v - 2 potions of invisibility
 w - 4 potions of curing {unknown}
 x - 2 potions of haste
 z - a potion of mutation {unknown}
 A - 2 potions of resistance {unknown}
 D - a potion of berserk rage {unknown}
Comestibles
 f - 17 rations


   Skills:
 + Level 5.6(10.6) Fighting
 * Level 11.0(16.0) Maces & Flails
 + Level 5.6(10.6) Armour
 + Level 5.6(10.6) Shields


You had 8 spell levels left.
You didn't know any spells.
Your spell library was empty.

Dungeon Overview and Level Annotations

Branches:
Dungeon (7/15)             Temple (1/1) D:5

Altars:
Ashenzari
Cheibriados
Dithmenos
Elyvilon
Fedhas
Gozag
Hepliaklqana
Kikubaaqudgha
Makhleb
Nemelex Xobeh
Okawaru
Qazlal
Ru
Sif Muna
Trog
Uskayaw
Vehumet
Yredelemnul
Zin
The Shining One

Shops:
D:6 *


Innate Abilities, Weirdness & Mutations

You are resistant to torment.
Your stone body is resilient. (AC +6)
You are immune to poison.
You resist negative energy. (rN+)
You are resistant to electric shocks. (rElec)
You can survive without breathing.
You are immune to petrification.
You are immune to rotting.


Message History

The white ugly thing is lightly wounded.
You whack the white ugly thing!
The white ugly thing is moderately wounded.
You block the white ugly thing's attack.
You hit the white ugly thing.
The white ugly thing is moderately wounded.
The white ugly thing bites you but does no damage.
You hit the white ugly thing but do no damage.
The white ugly thing is moderately wounded.
You barely miss the white ugly thing.
The white ugly thing is moderately wounded.
You block the white ugly thing's attack.
You hit the white ugly thing.
Lightning courses through the white ugly thing!
The white ugly thing is heavily wounded.
You hit the white ugly thing.
Lightning courses through the white ugly thing!!
The white ugly thing is almost dead.
The white ugly thing bites you!
You die...

#.#.#.##.........## .[.
#.#.#....#######..###.#
#.#.#...## ##..##.#
..#.#..##
.##..#.###########
#.#.#.## #
#.##..............
#.#...# #}#.
#..#..###########.
......# ##...##.##..#
#> ###...#
.....Zu..#..# #.
......# .. #@##..# #.
......#. #. #..#..# ##.
########.###.###.##..#
#..
#.....###.......##...#
#.. .......###.#.#.##
...# #..
##......###.....### #..
⌠####....####†#.#.##
#..
...)###...##.#.#.#.##
#..
...#).....#.#.#.#.#.##
#..


You could see a white ugly thing and a centaur skeleton.

Vanquished Creatures
  An ugly thing (D:7)
  A sky beast (D:6)
  An orc warrior (D:6)
  2 phantoms
  A black bear (D:6)
  4 ogres
  2 centaurs
  3 bullfrogs (D:6)
  A wight (D:7)
  A crimson imp (D:6)
  A centaur zombie (D:5)
  5 hounds
  A jelly (Temple)
  4 orc priests
  A bullfrog skeleton (D:4)
  A gnoll shaman (D:7)
  12 orc wizards
  2 iguanas
  Natasha (thrice) (D:2)
  A worker ant (D:6)
  2 hound skeletons
  4 adders
  5 gnolls
  3 shadow imps
  2 oozes
  3 adder skeletons
  2 worms
  5 dart slugs
  4 leopard geckos
  22 orcs
  5 bats
  5 giant cockroaches
  7 goblins
  6 hobgoblins
  6 jackals
  6 kobolds
  7 quokkas
  3 ball pythons
  4 frilled lizards
  11 rats
160 creatures vanquished.

Vanquished Creatures (others)
  A water moccasin (D:5)
1 creature vanquished.

Grand Total: 161 creatures vanquished

Notes
Turn   | Place    | Note
-------+----------+-------------------------------------------
     0 | D:1      | Elellon the Gargoyle Fighter began the quest for the Orb.
     0 | D:1      | Reached XP level 1. HP: 14/14 MP: 1/1
   118 | D:1      | Reached XP level 2. HP: 17/19 MP: 2/2
   296 | D:1      | Reached skill level 3 in Maces & Flails
   350 | D:1      | Found a shattered altar of Ashenzari.
   393 | D:1      | Reached XP level 3. HP: 23/23 MP: 3/3
   795 | D:2      | Found a faded altar of an unknown god.
   809 | D:2      | Reached skill level 4 in Maces & Flails
   874 | D:2      | Reached XP level 4. HP: 26/28 MP: 4/4
  1050 | D:2      | Noticed Natasha
  1059 | D:2      | Killed Natasha
  1235 | D:2      | Noticed Natasha
  1241 | D:2      | Killed Natasha
  1241 | D:2      | Reached skill level 5 in Maces & Flails
  1241 | D:2      | Reached XP level 5. HP: 29/32 MP: 5/5
  1302 | D:2      | Found a faded altar of an unknown god.
  1443 | D:2      | Noticed Natasha
  1452 | D:2      | Killed Natasha
  1774 | D:3      | Reached skill level 6 in Maces & Flails
  1774 | D:3      | Reached XP level 6. HP: 34/37 MP: 6/6
  2348 | D:3      | Found a glowing golden altar of the Shining One.
  2451 | D:4      | Got a twisted ring mail
  2475 | D:4      | Found a radiant altar of Vehumet.
  2549 | D:4      | Reached skill level 7 in Maces & Flails
  2850 | D:4      | Reached XP level 7. HP: 34/41 MP: 7/7
  3208 | D:4      | Reached skill level 8 in Maces & Flails
  3441 | D:5      | Entered Level 5 of the Dungeon
  3676 | D:5      | Found a staircase to the Ecumenical Temple.
  3689 | D:5      | Reached skill level 9 in Maces & Flails
  3689 | D:5      | Reached XP level 8. HP: 39/46 MP: 8/8
  3699 | Temple   | Entered the Ecumenical Temple
  3899 | Temple   | Became a worshipper of Warmaster Okawaru
  4181 | D:5      | Found a basalt altar of Yredelemnul.
  4453 | D:6      | Found a shattered altar of Ashenzari.
  4824 | D:6      | HP: 2/48 [orc priest/divine providence (9)]
  5312 | D:6      | Noticed an angel
  5533 | D:6      | Reached skill level 10 in Maces & Flails
  5634 | D:6      | Found a shimmering blue altar of Sif Muna.
  5641 | D:6      | Reached * piety under Okawaru
  5757 | D:6      | Reached XP level 9. HP: 52/52 MP: 9/9
  6193 | D:6      | Found a glowing golden altar of the Shining One.
  6195 | D:6      | Found Ebbul's Hallowed Reliquary.
  6210 | D:6      | Bought a potion of heal wounds for 55 gold pieces
  6494 | D:6      | HP: 1/53 [orc priest/divine providence (16)]
  6503 | D:6      | Reached skill level 5 in Shields
  6880 | D:6      | Reached skill level 5 in Fighting
  6880 | D:6      | Reached skill level 5 in Armour
  7224 | D:6      | Identified the cursed +1 ring mail "Kubapeuk" {-Tele rPois
                  | rCorr Int+6} (You found it on level 4 of the Dungeon)
  7548 | D:7      | Found a shattered altar of Ashenzari.
  7549 | D:7      | Found a shattered altar of Ashenzari.
  7637 | D:7      | Noticed a cyan ugly thing
  7670 | D:7      | Killed a cyan ugly thing
  7670 | D:7      | Reached ** piety under Okawaru
  7670 | D:7      | Reached skill level 11 in Maces & Flails
  7836 | D:7      | Noticed a white ugly thing
  7847 | D:7      | HP: 2/54 [white ugly thing (18)]
  7854 | D:7      | Slain by a white ugly thing

Levels and vault maps discovered:
D:1:      onia_arrival_mini_maze_b, layout_basic, ashenzari_altar_1
D:2:      layout_rooms, chequers_ecumenical_altar_simple_redux, uniq_natasha
D:3:      layout_rooms, tso_oasis_becter, first_ration, patterned_corridor
D:4:      minmay_razor_zed, layout_cave_pools, vehumet_altar_wand_db
D:5:      layout_rooms, minmay_temple_entry_large_hall,
          chequers_decorated_corner, yredelemnul_altar_generic
D:6:      kennysheep_orc_sif_temple, layout_layer_cave, old_standard_altar,
          nicolae_good_shop
D:7:      minmay_the_grid_octo_triangle [minmay_the_grid_octo_checkered,
          minmay_the_grid_octo_prize_square_snowflake,
          minmay_the_grid_octo_vomiting_pacman], layout_basic,
          chequers_temple_overflow_statue_of_worship
Temple:   eino_narrow_crystal_temple

Skill      XL: |  1  2  3  4  5  6  7  8  9 |
---------------+----------------------------+-----
Maces & Flails | 3 4 5 6 7 9 10 11 | 11.0
Fighting       | 4 5 |  5.6
Armour         | 4 5 |  5.6
Shields        | 4 5 |  5.6

Action                   |  1- 3 |  4- 6 |  7- 9 || total
-------------------------+-------+-------+-------++-------
Melee: Flail             |   108 |   209 |   337 ||   654
       Whip              |       |       |    63 ||    63
Invok: Heroism           |       |       |     1 ||     1
  Use: Scroll            |       |    11 |     4 ||    15
       Potion            |       |       |     2 ||     2
  Eat: Chunk             |       |     7 |     9 ||    16
       Ration            |       |       |     2 ||     2
Armor: Scale mail        |    48 |   110 |   242 ||   400
Dodge: Dodged            |    38 |    75 |   114 ||   227
Block: Shield            |    56 |   101 |   192 ||   349
